 Dungeon Crawl Stone Soup version 0.30-a0-469-g84de5afbc5 (webtiles) character file.

Game seed: 12783984700121692194

3157 Coaxmetal the Thaumaturge (level 9, 0/54 HPs)
             Began as a Deep Elf Hedge Wizard on Dec 20, 2022.
             Was an Initiate of Gozag.
             Slain by a wraith (9 damage)
             ... on level 13 of the Dungeon.
             The game lasted 00:25:04 (11326 turns).

Coaxmetal the Thaumaturge (Deep Elf Hedge Wizard)  Turns: 11326, Time: 00:25:06

Health: 0/54       AC:  6    Str:  7    XL:     9   Next: 62%
Magic:  11/32      EV: 15    Int: 22    God:    Gozag
Gold:   989        SH:  0    Dex: 16    Spells: 11/24 levels left

rFire   . . .      SeeInvis .    a - +0 dagger
rCold   . . .      Faith    .    (no shield)
rNeg    . . .      Spirit   .    J - +2 robe {Will+}
rPois   +          Reflect  .    c - +0 hat
rElec   .          Harm     .    w - +0 cloak
rCorr   .          Rampage  .    (no gloves)
Will    +....                    s - +0 pair of boots
Stlth   +++.......               t - amulet of regeneration
HPRegen 1.09/turn                n - ring of poison resistance
MPRegen 0.23/turn                q - ring of magical power

@: sluggish, slowed, very slow
A: no striking features
a: Renounce Religion, Potion Petition, Call Merchant, Bribe Branch


You were on level 13 of the Dungeon.
You worshipped Gozag.
Gozag was pleased with you.
You visited 1 branch of the dungeon, and saw 11 of its levels.

You collected 1143 gold pieces.
You spent 120 gold pieces at shops.
You paid 34 gold pieces to Gozag.

Inventory:

Hand Weapons
 a - a +0 dagger (weapon)
Missiles
 E - a throwing net
Armour
 c - a +0 hat (worn)
 s - a +0 pair of boots (worn)
 u - a +0 buckler
 w - a +0 cloak (worn)
 J - a +2 robe of willpower (worn)
Jewellery
 l - an amulet of guardian spirit
 n - a ring of poison resistance (left hand)
 q - a ring of magical power (right hand)
 t - an amulet of regeneration (around neck)
 v - a +4 ring of slaying
 C - a +6 ring of intelligence
Wands
 x - a wand of iceblast (9)
 y - a wand of paralysis (9)
Scrolls
 e - a scroll of fear {unknown}
 h - a scroll of amnesia
 k - 2 scrolls of teleportation
 m - 4 scrolls of blinking
 o - a scroll of noise {unknown}
 z - 2 scrolls of vulnerability {unknown}
 B - 2 scrolls of magic mapping {unknown}
 D - a scroll of enchant weapon {unknown}
 F - 5 scrolls of identify
Potions
 b - a potion of lignification {unknown}
 d - 5 potions of magic
 f - 4 potions of heal wounds
 g - 4 potions of flight
 i - a potion of brilliance
 j - a potion of ambrosia
 p - a potion of curing
 r - 5 potions of degeneration
 A - 2 potions of mutation
 H - a potion of attraction {unknown}
 I - a potion of haste {unknown}


   Skills:
 - Level 5.0 Fighting
 + Level 3.0 Short Blades
 - Level 6.0 Dodging
 + Level 5.8 Stealth
 - Level 8.0 Spellcasting
 - Level 6.0 Conjurations
 + Level 3.4 Hexes
 - Level 4.0 Summonings
 - Level 2.0 Translocations
 - Level 2.0 Ice Magic
 - Level 3.0 Air Magic
 - Level 1.0 Poison Magic


You had 11 spell levels left.
You knew the following spells:

 Your Spells              Type           Power      Damage    Failure   Level
a - Magic Dart            Conj           100%       1d8       1%          1
b - Blink                 Tloc           34%        N/A       4%          2
c - Call Imp              Summ           26%        N/A       2%          2
d - Mephitic Cloud        Conj/Pois/Air  23%        N/A       5%          3
e - Ensorcelled Hibernat  Hex/Ice        40%        N/A       3%          2
f - Swiftness             Air            22%        N/A       6%          3

Your spell library contained the following spells:

 Spells                   Type           Power      Damage    Failure   Level
 Shock                    Conj/Air       100%       1d9       1%          1
 Slow                     Hex            96%        N/A       1%          1
 Cigotuvi's Dreadful Rot  Necr/Pois/Air  28%        N/A       6%          2
 Spider Form              Tmut/Pois      11%        N/A       19%         3
 Airstrike                Air            11%        2d(2-18)  22%         4
 Anguish                  Hex/Necr       8%         N/A       36%         4
 Freezing Cloud           Conj/Ice/Air   12%        6-21      41%         5
 Conjure Ball Lightning   Conj/Air       14%        3x3d6     87%         6
 Discord                  Hex            12%        N/A       100%        8
 Disjunction              Tloc           8%         N/A       100%        8
 Polar Vortex             Ice            8%         N/A       100%        9
 Simulacrum               Ice/Necr       Unusable   N/A       N/A         6

Dungeon Overview and Level Annotations

Branches:
Dungeon (13/15)            Temple (0/1) D:7
   Lair: D:8-11         Orc: D:9-12      Vaults: D:13-14

Altars:
Ashenzari
Cheibriados
Elyvilon
Gozag
Kikubaaqudgha
Makhleb
Nemelex Xobeh
Ru
Sif Muna
Trog
Vehumet
Xom

Shops:
D:4 *   D:7 ?   D:8 [

Annotations:
D:6 exclusion: 2 electric eels
D:7 2 transporters


Message History

Your shadow imp hits the wraith but does no damage.
The wraith barely misses your shadow imp.
Casting: Magic Dart (safe; 1% risk of failure)
Confirm with . or Enter, or press ? or * to list all spells.
Aiming: Magic Dart (safe; 1% risk of failure)
Press: ? - help, Shift-Dir - straight line, f/p - wraith
Aim: a wraith (almost destroyed, not watching you, ally target, 100% to hit)
The magic dart hits the wraith but does no damage.
The wraith is almost destroyed.
Your shadow imp disappears in a puff of smoke!
The wraith barely misses you.
Casting: Magic Dart (safe; 1% risk of failure)
Confirm with . or Enter, or press ? or * to list all spells.
Aiming: Magic Dart (safe; 1% risk of failure)
Press: ? - help, Shift-Dir - straight line, f/p - wraith
Aim: a wraith (almost destroyed, 100% to hit)
The magic dart hits the wraith but does no damage.
The wraith is almost destroyed.
The wraith misses you. The wraith hits you.
Unknown command.
Casting: Magic Dart (safe; 1% risk of failure)
Confirm with . or Enter, or press ? or * to list all spells.
A beastly little devil appears in a puff of flame.
The wraith hits you!
* * * LOW HITPOINT WARNING * * *
Casting: Call Imp (safe; 2% risk of failure)
Confirm with . or Enter, or press ? or * to list all spells.
Aiming: Magic Dart (safe; 1% risk of failure)
Press: ? - help, Shift-Dir - straight line, f/p - wraith
Aim: a wraith (almost destroyed, ally target, 100% to hit)
The magic dart hits the wraith but does no damage.
The wraith is almost destroyed.
The wraith hits you.
* * * LOW HITPOINT WARNING * * *
The wraith drains your vigour!
You feel as though you will be slow longer.
Your crimson imp hits the wraith but does no damage.
The wraith hits you!
You die...
Your body crumbles into a pile of gold.

#...##...# ...#
###...##...##...#
#.<..............
#)...............
#........[...)...
#................
#.......)........
#.....W..........
#.....@5.........
##....##.#..#...#
#....##.########
....... ...
....... ...#
....... ...#
..[.... ..#
.......


You could see a wraith (ally target) and a friendly crimson imp (summoned).

Vanquished Creatures
  A hornet (D:9)
  A yak (D:12)
  A black bear (D:6)
  2 ice beasts
  7 centaurs
  A bullfrog (D:8)
  2 scorpions
  3 wights (D:8)
  4 killer bees (D:9)
  3 howler monkeys
  2 orc priests
  3 hounds
  A jelly (D:6)
  2 iguanas
  3 orc wizards
  A mummy (D:7)
  10 adders
  8 gnolls
  A shadow imp (D:6)
  2 white imps
  2 ufetubi
  2 worms
  2 dart slugs
  21 orcs
  9 ball pythons
  7 endoplasms
  A giant cockroach (D:4)
  6 goblins
  5 hobgoblins
  5 jackals
  3 kobolds
  3 quokkas
  5 bats
  4 frilled lizards
  6 rats
139 creatures vanquished.

Vanquished Creatures (collateral kills)
  Sigmund (D:6)
  A wyvern (D:8)
  Edmund (D:6)
  An ice beast (D:6)
  A jelly (D:5)
  2 iguanas (D:5)
  8 gnolls
  2 adders
  2 worms
  4 orcs (D:6)
  A hobgoblin (D:4)
  2 jackals (D:3)
  A quokka (D:4)
27 creatures vanquished.

Vanquished Creatures (others)
  A fungus (D:12)
  41 plants
42 creatures vanquished.

Grand Total: 208 creatures vanquished

Notes
Turn   | Place    | Note
-------+----------+-------------------------------------------
     0 | D:1      | Coaxmetal the Deep Elf Hedge Wizard began the quest for the
                  | Orb.
     0 | D:1      | Reached XP level 1. HP: 10/10 MP: 7/7
   587 | D:1      | Reached XP level 2. HP: 16/16 MP: 7/9
  1307 | D:1      | Learned a level 2 spell: Blink
  1310 | D:1      | Learned a level 2 spell: Call Imp
  1595 | D:2      | Reached skill level 5 in Spellcasting
  1595 | D:2      | Reached XP level 3. HP: 20/20 MP: 2/11
  1876 | D:2      | Reached skill level 1 in Fighting
  2255 | D:2      | Reached XP level 4. HP: 25/25 MP: 7/13
  2475 | D:2      | Learned a level 3 spell: Mephitic Cloud
  2510 | D:3      | Found a white marble altar of Elyvilon.
  2665 | D:3      | Found an opulent altar of Gozag.
  3154 | D:3      | Found a bloodstained altar of Trog.
  3336 | D:3      | Found a radiant altar of Vehumet.
  3495 | D:3      | Reached skill level 6 in Spellcasting
  3576 | D:3      | Became a worshipper of Gozag Ym Sagoz the Greedy
  3627 | D:3      | Reached XP level 5. HP: 29/29 MP: 9/15
  4366 | D:4      | Found Yghyihabb's General Store.
  4854 | D:4      | Reached XP level 6. HP: 19/35 MP: 4/17
  5419 | D:5      | Entered Level 5 of the Dungeon
  5777 | D:5      | Reached skill level 1 in Poison Magic
  5844 | D:5      | Noticed an ice beast
  5995 | D:5      | Reached skill level 1 in Short Blades
  5995 | D:5      | Reached skill level 1 in Air Magic
  6276 | D:5      | Found an ancient bone altar of Kikubaaqudgha.
  6291 | D:5      | Found a sacrificial altar of Ru.
  6462 | D:5      | Killed an ice beast
  6463 | D:5      | Reached XP level 7. HP: 40/40 MP: 7/18
  6882 | D:6      | Reached skill level 5 in Stealth
  6903 | D:6      | Noticed Sigmund
  7101 | D:6      | Reached skill level 5 in Conjurations
  7192 | D:6      | Noticed Edmund
  7362 | D:6      | Killed Sigmund
  7363 | D:6      | Reached skill level 7 in Spellcasting
  7363 | D:6      | Reached XP level 8. HP: 42/46 MP: 20/20
  7791 | D:6      | Killed Edmund
  7876 | D:6      | Found a sparkling altar of Nemelex Xobeh.
  7923 | D:6      | Reached skill level 8 in Spellcasting
  7975 | D:6      | Found a broken altar of Ashenzari.
  8044 | D:6      | Found a burning altar of Makhleb.
  8348 | D:6      | Found a shimmering blue altar of Sif Muna.
  8741 | D:7      | Found a transporter.
  8843 | D:7      | Found a transporter.
  8857 | D:7      | Found Dylloute's Magic Scroll Shoppe.
  8864 | D:7      | Bought a scroll of blinking for 120 gold pieces
  8884 | D:7      | Found a snail-covered altar of Cheibriados.
  8933 | D:7      | Found a staircase to the Ecumenical Temple.
  9793 | D:7      | Learned a level 2 spell: Ensorcelled Hibernation
  9797 | D:7      | Learned a level 3 spell: Swiftness
  9901 | D:8      | Found Ethuxep's Antique Armour Shoppe.
 10053 | D:8      | Found a shimmering altar of Xom.
 10267 | D:8      | Reached skill level 1 in Hexes
 10267 | D:8      | Reached skill level 1 in Ice Magic
 10267 | D:8      | Reached XP level 9. HP: 39/52 MP: 16/23
 10505 | D:9      | Reached skill level 5 in Dodging
 10681 | D:9      | You fall into a shaft and drop 3 floors!
 11103 | D:12     | Reached skill level 5 in Fighting
 11121 | D:12     | Noticed a komodo dragon
 11326 | D:13     | Slain by a wraith

Illustrated notes

Levels and vault maps discovered:
D:1:      nicolae_arrival_memento_mori, layout_loops_corners, serial_rivers,
          chequers_serial_rivers_room_a, chequers_serial_rivers_micro_a,
          chequers_serial_rivers_room_b, chequers_serial_rivers_large_a,
          chequers_serial_rivers_room_b
D:2:      layout_loops_ring, serial_bayou, serial_bayou_pond_a,
          serial_bayou_crossing, serial_bayou_pond_a, serial_bayou_ford_a
D:3:      layout_loops_ring, lemuel_crystal_altar, nicolae_gozag_seed_capital,
          trog_butcher_becter, mainiacjoe_overflow_paths,
          nicolae_kite_square_tiling_tiny, kennysheep_path_1
D:4:      layout_gridville, serial_shops, nicolae_shop_statue_plus
D:5:      layout_cave_pods, mainiacjoe_overflow_big_doors
D:6:      layout_cave_pools, nemelex_xobeh_ov_fountains_minmay,
          mainiacjoe_overflow_brackets, lemuel_coloured_pillars_altar,
          makhleb_heckhound_becter, portal_sewer_entry_e, serial_bayou,
          serial_bayou_lake_a, serial_bayou_pond_a, serial_bayou_lagoon_a,
          serial_bayou_pond_d, abandoned_shop, sigmund_edmund_badplayer
D:7:      gammafunk_steamed_eel, layout_basic, slow_altar_2, temple_pool_b,
          serial_shops, shop
D:8:      layout_basic, mainiacjoe_overflow_six_doors_small, serial_shops, shop
D:9:      layout_roguey, nicolae_tso_swordbearing_angel,
          amcnicky_mini_rare_corridor_liquid, uniq_prince_ribbit1
D:12:     layout_basic, minmay_misc_feat_more_columns, chequers_mini_garden,
          st_stairs_3, beargit_elvish_explorers, uniq_fannar
D:13:     layout_gridville, david_vaults_5, serial_shops, nicolae_diamond_shop,
          uniq_lodul, uniq_sonja

Skill      XL: |  1  2  3  4  5  6  7  8  9 |
---------------+----------------------------+-----
Stealth        | 3 4 5 |  5.8
Spellcasting   | 5 6 7 8 |  8.0
Fighting       | 1 2 3 4 5 |  5.0
Conjurations   | 2 4 5 6 |  6.0
Poison Magic   | 1 |  1.0
Short Blades   | 1 2 3 |  3.0
Air Magic      | 1 2 3 |  3.0
Dodging        | 3 4 6 |  6.0
Summonings     | 3 4 |  4.0
Translocations | 2 |  2.0
Hexes          | 1 3 |  3.4
Ice Magic      | 1 2 |  2.0

Action                   |  1- 3 |  4- 6 |  7- 9 || total
-------------------------+-------+-------+-------++-------
Melee: Dagger            |     1 |     1 |    47 ||    49
 Cast: Magic Dart        |    68 |   175 |   229 ||   472
       Call Imp          |     5 |    22 |    31 ||    58
       Blink             |       |     7 |    15 ||    22
       Mephitic Cloud    |       |       |    25 ||    25
       Ensorcelled Hiber |       |       |    18 ||    18
       Swiftness         |       |       |     1 ||     1
Evoke: Wand              |       |       |     2 ||     2
  Use: Scroll            |     1 |     6 |     2 ||     9
       Potion            |       |       |     2 ||     2
 Stab: Sleeping          |     1 |       |    11 ||    12
       Confused          |       |       |     5 ||     5
       Paralysed         |       |       |     2 ||     2
Armor: Robe              |     4 |     4 |    21 ||    29
Dodge: Dodged            |    16 |    23 |    94 ||   133

Table legend: (Time is in decaauts)
 A = Elapsed time spent in this place.
 B = Non-inter-level travel time spent in this place.
 C = Inter-level travel time spent in this place.
 D = Time resting spent in this place.
 E = Time spent auto-exploring this place.
 F = Levels seen in this place.
 G = Mean time per level.
                   A        B        C        D        E       F      G
               +--------+--------+--------+--------+--------+-----+--------+
         Total |  11417 |  10781 |    636 |   2649 |   6065 |  11 | 1037.9 |
       Dungeon |  11417 |  10781 |    636 |   2649 |   6065 |  11 | 1037.9 |
               +--------+--------+--------+--------+--------+-----+--------+

Top non-repeatable levels by time:
     D:5: 1741 daAuts
     D:3: 1702 daAuts
     D:6: 1413 daAuts
     D:1: 1364 daAuts
     D:2: 1230 daAuts
     D:4: 1165 daAuts
     D:8: 968 daAuts
     D:7: 887 daAuts
    D:12: 556 daAuts
     D:9: 292 daAuts
    D:13: 96 daAuts
